 Dungeon Crawl Stone Soup version 0.26.1-11-gd32895ea62 (webtiles) character file.

Game seed: 11625841559404427781

396 Martska the Chopper (level 6, 0/48 HPs)
             Began as a Demonspawn Fighter on July 10, 2021.
             Was an Initiate of Trog.
             Splashed by a jelly's acid (2 damage)
             ... on level 4 of the Dungeon.
             The game lasted 00:04:52 (4132 turns).

Martska the Chopper (Demonspawn Fighter)            Turns: 4132, Time: 00:04:53

Health: 0/48       AC: 12    Str: 18    XL:     6   Next: 52%
Magic:  6/6        EV:  7    Int: 10    God:    Trog [......]
Gold:   149        SH:  8    Dex: 12    Spells: 5/5 levels left

rFire    . . .     SeeInvis .   a - +0 war axe
rCold    . . .     Faith    .   c - +0 kite shield
rNeg     . . .     Spirit   .   b - +0 scale mail
rPois    .         Reflect  .   w - +0 helmet
rElec    .         Harm     .   f - +0 cloak {rCorr}
rCorr    +         Rampage  .   u - +0 pair of gloves
Will     .....                  (no boots)
Stlth    ..........             (no amulet)
HPRegen  0.16/turn              (no ring)
MPRegen  0.10/turn              (no ring)

@: no status effects
A: icy blue scales 1, miasma immunity
a: Renounce Religion


You were on level 4 of the Dungeon.
You worshipped Trog.
Trog was noncommittal.
You visited 2 branches of the dungeon, and saw 6 of its levels.

You collected 149 gold pieces.

Inventory:

Hand Weapons
 a - a +0 war axe (weapon)
Armour
 b - a +0 scale mail (worn)
 c - a +0 kite shield (worn)
 f - a +0 cloak of preservation (worn)
 u - a +0 pair of gloves (worn)
 w - a +0 helmet (worn)
Jewellery
 q - an uncursed ring of protection from cold {unknown}
 s - an uncursed amulet of guardian spirit {unknown}
 y - an uncursed ring of ice {unknown}
Wands
 x - a wand of flame (17)
Scrolls
 e - 2 scrolls of amnesia {unknown}
 g - 2 scrolls of fear {unknown}
 i - a scroll of immolation {unknown}
 l - a scroll of teleportation {unknown}
 m - 3 scrolls of enchant weapon {unknown}
 t - a scroll of identify {unknown}
 v - 2 scrolls of magic mapping {unknown}
Potions
 d - a potion of might
 h - 2 potions of lignification {unknown}
 j - a potion of degeneration {unknown}
 k - a potion of mutation {unknown}
 n - 2 potions of attraction {unknown}
 o - a potion of resistance {unknown}
 p - a potion of brilliance {unknown}
 r - 5 potions of curing {unknown}


   Skills:
 * Level 4.1 Fighting
 * Level 4.7 Axes
 + Level 3.8 Armour
 * Level 1.6 Dodging
 - Level 2.6 Shields


You had 5 spell levels left.
You didn't know any spells.
Your spell library was empty.

Dungeon Overview and Level Annotations

Branches:
Dungeon (5/15)             Temple (1/1) D:4

Altars:
Dithmenos
Ru
Trog
Yredelemnul
Zin
The Shining One


Innate Abilities, Weirdness & Mutations

You are partially covered in icy blue scales. (AC +2)
You are immune to miasma.


Message History

The centaur wields a +3 shortbow.
The centaur shoots an arrow.
The arrow hits you!
* * * LOW HITPOINT WARNING * * *
There is a stone staircase leading up, spattered with blood here.
You don't know any spells.
Unknown command.
You don't know any spells.
The iguana misses you.
The orc wizard casts a spell at itself.
The orc wizard flickers and vanishes!
The jelly hits you but does no damage.
You climb upwards.
Reactivating autopickup.
There is a stone staircase leading down here.
You hit the jelly.
Your hands burn!
* * * LOW HITPOINT WARNING * * *
The jelly is severely wounded.
You hit the iguana. You block the iguana's attack.
The jelly hits you but does no damage.
You hit the jelly.
Your hands burn!
You die...

#.# #..##.##.# #.# #)#
#..##.##.# #.# #.#
#..##.##.####.# #.###
#...#.........# ....#
#.#.#.##.############
#.#.########.#...##.......[....#
..#.#........##..###########.###
.##.#......####.l###########.#
....#......# ##@J.........#.#
#####......# ###.#########.#.#
....#.##...# #...........#.#.#
#...#.##...###.#......##.#.#.###
#.###.#........######.##.#.#...#
#.# #.#.######.........#.#.#.###
#.###.#.#.....#†########.#.#.#
#.............#.............)#
#####.##################.#.#.###


You could see an iguana and a jelly.

Vanquished Creatures
  A necrophage (D:4)
  A centaur (D:4)
  A hound (D:4)
  A centaur skeleton (D:5)
  2 worker ants (D:4)
  2 adders
  2 oozes (D:1)
  An adder skeleton (D:4)
  5 worms
  2 dart slugs
  4 leopard geckos
  An orc (D:2)
  A ball python (D:2)
  6 bats
  3 giant cockroaches
  11 goblins
  5 hobgoblins
  4 jackals (D:1)
  4 quokkas
  8 frilled lizards
  14 kobolds
  4 rats
83 creatures vanquished.

Notes
Turn   | Place    | Note
-------+----------+-------------------------------------------
     0 | D:1      | Martska the Demonspawn Fighter began the quest for the Orb.
     0 | D:1      | Reached XP level 1. HP: 18/18 MP: 1/1
   136 | D:1      | Gained mutation: You are immune to miasma. [demonic
                  | ancestry]
   136 | D:1      | Reached XP level 2. HP: 22/24 MP: 2/2
   398 | D:1      | Gained mutation: You are partially covered in icy blue
                  | scales. (AC +2) [demonic ancestry]
   398 | D:1      | Reached XP level 3. HP: 14/29 MP: 3/3
  1448 | D:2      | Found a glowing silver altar of Zin.
  1448 | D:2      | Found a basalt altar of Yredelemnul.
  1752 | D:2      | Found a shadowy altar of Dithmenos.
  1814 | D:2      | Reached XP level 4. HP: 35/35 MP: 4/4
  2877 | D:4      | Noticed a centaur
  2881 | D:4      | Killed a centaur
  2882 | D:4      | Reached skill level 1 in Dodging
  2882 | D:4      | Reached XP level 5. HP: 31/42 MP: 5/5
  2931 | D:4      | Noticed a necrophage
  2943 | D:4      | Killed a necrophage
  2944 | D:4      | Reached XP level 6. HP: 43/48 MP: 6/6
  3317 | D:4      | Found a staircase to the Ecumenical Temple.
  3334 | Temple   | Entered the Ecumenical Temple
  3368 | Temple   | Became a worshipper of Trog the Wrathful
  4119 | D:5      | Entered Level 5 of the Dungeon
  4128 | D:5      | HP: 2/48 [centaur/arrow (9)]
  4132 | D:4      | Splashed by a jelly's acid

Illustrated notes

Levels and vault maps discovered:
D:1:      kennysheep_arrival_seaside, layout_basic
D:2:      layout_loops_corners, gammafunk_temple_overflow_pools, serial_forest,
          infiniplex_forest_clump_tiny, infiniplex_forest_clump_medium,
          infiniplex_forest_straight_2, infiniplex_forest_straight_2,
          infiniplex_forest_end_1, infiniplex_forest_3_way,
          infiniplex_forest_straight_1, grunt_dithmenos_smoke
D:3:      layout_rooms
D:4:      layout_basic, minmay_temple_entry_statues_fountains
D:5:      layout_cave_pools, lemuel_doored_altar, minivault_14
Temple:   jpeg_temple_clearing

Skill      XL: |  1  2  3  4  5 |
---------------+----------------+-----
Armour         | 3 |  3.8
Axes           | 2 3 4 |  4.7
Dodging        | 1 |  1.6
Fighting       | 4 |  4.1
Shields        | |  2.6

Action                   |  1- 3 |  4- 6 || total
-------------------------+-------+-------++-------
Melee: War axe           |   147 |   159 ||   306
Armor: Scale mail        |    77 |    91 ||   168
Dodge: Dodged            |    39 |    55 ||    94
Block: Kite shield       |    82 |    89 ||   171
